 Dungeon Crawl Stone Soup version 0.16-a0-1029-gdfc7942 (webtiles) character file.

1584 wose the Thaumaturge (level 8, -4/48 HPs)
             Began as a High Elf Wizard on Oct 4, 2014.
             Killed by divine providence
             ... invoked by an orc priest
              (15 damage)
             ... on level 6 of the Dungeon.
             The game lasted 02:08:01 (6785 turns).

wose the Thaumaturge (High Elf Wizard)              Turns: 6785, Time: 02:08:01

HP  -4/48        AC  4     Str  6      XL: 8   Next: 61%
MP  19/26        EV 13     Int 24      God:
Gold 243         SH  0     Dex 14      Spells:  7 memorised,  8 levels left

rFire  . . .     SeeInvis +     T - +0 quarterstaff (drain)
rCold  . . .     Clarity  .     r - +1 robe
rNeg   . . .     rCorr    .     (no shield)
rPois  .         rRot     .     b - +0 hat
rElec  .         Spirit   .     F - +0 cloak
SustAb .         Warding  .     (no gloves)
rMut   .         Stasis   .     (no boots)
Gourm  .                        (no amulet)
MR     .....                    u - ring of stealth
                                m - ring of see invisible

@: very slightly contaminated, regenerating (expiring), not resistant to hostile
enchantments, fairly stealthy
A: no striking features
a: no special abilities


You were on level 6 of the Dungeon.
You were not hungry.

You visited 1 branch of the dungeon, and saw 6 of its levels.

You collected 339 gold pieces.
You spent 96 gold pieces at shops.

Inventory:

Hand weapons
 e - a +0 dagger
 l - a -3 shortbow
 n - a +0 hand axe
 p - a cursed -3 blowgun
 s - a +3 dagger of venom
 t - a +0 hunting sling
 E - a +0 dagger
 K - a +0 dagger
 N - a +2 short sword of draining
 T - a +0 quarterstaff of draining (weapon)
Missiles
 o - 42 bolts
 x - 53 arrows
 y - 34 poisoned needles
 A - 60 stones (quivered)
 I - 19 sling bullets
Armour
 a - a +0 robe
 b - a +0 hat (worn)
 f - a +0 chain mail
 r - a +1 robe (worn)
 D - a +0 helmet
 F - a +0 cloak (worn)
 G - a +0 robe
 M - a +0 pair of boots
 U - a +1 helmet
Magical devices
 k - a wand of flame (7)
 S - a wand of frost (9)
Comestibles
 d - 3 bread rations
 B - 2 slices of pizza
 P - a meat ration
 Z - 2 rotting chunks of kobold flesh
Scrolls
 g - 2 scrolls of enchant armour
 h - 3 scrolls of fog
 i - a scroll of amnesia
 q - 2 scrolls of noise {unknown}
 v - 2 scrolls of teleportation
 C - 2 scrolls of remove curse
 J - a scroll of recharging {unknown}
 L - a scroll of enchant weapon
 O - a scroll of magic mapping {unknown}
 V - a scroll of holy word {unknown}
Jewellery
 m - a ring of see invisible (left hand)
 u - a ring of stealth (right hand)
 W - an uncursed ring of poison resistance
Potions
 j - a potion of invisibility {unknown}
 z - 2 potions of berserk rage {unknown}
 H - 2 potions of might {unknown}
 Q - a potion of brilliance {unknown}
 R - a potion of lignification {unknown}
 X - a potion of restore abilities {unknown}
 Y - a potion of poison {unknown}
Books
 c - a book of Minor Magic

   Spells                             Type                      Level
   *Magic Dart                        Conjuration                  1
   *Blink                             Translocation                2
   *Call Imp                          Summoning                    2
   Repel Missiles                     Charms/Air                   2
   Slow                               Hexes                        2
   *Conjure Flame                     Conjuration/Fire             3
   *Mephitic Cloud                    Conjuration/Poison/Air       3
 w - a book of Battle

   Spells                             Type                      Level
   *Infusion                          Charms                       1
   Shroud of Golubria                 Charms/Translocation         2
   Song of Slaying                    Charms                       2
   Spectral Weapon                    Hexes/Charms                 3
   *Regeneration                      Charms/Necromancy            3


   Skills:
 + Level 1.4 Fighting
 + Level 1.3 Short Blades
 + Level 2.1(2.2) Slings
 + Level 2.3 Bows
 + Level 0.4(1.9) Throwing
 + Level 3.7 Dodging
 + Level 3.6 Stealth
 + Level 8.2 Spellcasting
 + Level 5.6 Conjurations
 + Level 1.4 Charms
 + Level 2.0 Summonings
 + Level 0.4 Necromancy
 + Level 1.1 Translocations
 + Level 1.6 Fire Magic
 + Level 0.5 Air Magic
 + Level 0.2 Evocations


You had 8 spell levels left.
You knew the following spells:

 Your Spells              Type           Power        Failure   Level  Hunger
a - Magic Dart            Conj           ####         1%          1    None
b - Call Imp              Summ           ###.....     4%          2    None
c - Mephitic Cloud        Conj/Pois/Air  ###.....     10%         3    None
d - Conjure Flame         Conj/Fire      ####....     4%          3    None
e - Blink                 Tloc           N/A          8%          2    None
f - Regeneration          Chrm/Necr      ##........   14%         3    None
g - Infusion              Chrm           ###...       3%          1    None


Dungeon Overview and Level Annotations

Branches:
Dungeon (6/15)             Temple (0/1) D:6

Altars:
Cheibriados
Fedhas

Shops:
D:6 (


Message History

Evoke which item? (* to show all) (? for menu, Esc to quit)
Zapping:
S - a wand of frost (10)
Press: ? - help, Shift-Dir - straight line, f/p - orc priest
Aim: an orc priest (heavily wounded)
The puff of frost hits the orc warrior.
The orc warrior appears unharmed.
This wand has 9 charges left.
The orc priest invokes the aid of Beogh against you.
Something smites you!
* * * LOW HITPOINT WARNING * * *
What do you say? t - Shout!
Orders for allies: a - Attack new target. p - Attack previous target. r - Retreat! s - Stop attacking. w - Wait here. f - Follow me.
Anything else - Stay silent.
Okay, then.
Unknown command.
The orc priest calls down the wrath of Beogh upon you.
Something smites you!
You die...

...#+#.#.# # #.#.#.#.#.#.#.#
..#. #. #.#.#.#.#.#.#..# ...#
# # #.#.#.#.#.#.#.#.# ..#
.#.#.#.#.#.#.#.#'#.#..# ..
.#.#.#.#.#.#.#.....#.# ..#
#...# #.#.#.#+....#..# ...#
#.⌠.# ##.#.#.#.....#.#
..#.###...###.#.#.#+....#....#
...#.........#.#@#.#.....#.###
##..⌠..>..⌠..#.#o#.#+#.#..#
#.............#.#.#.#.#.#.# #
##.###...###.#.#.#.#.#.#..#.#
#.## #.⌠.# #.'#.#.#o#.#.#..
.##.###...###.#.#.#.#.#'#.#
.#'......#.#.#.#.#.#.#...##
.##.....#.#.#.#.#.#.#+..).#
...#'#'#.#.#.#.#.#.#.#)..##


You could see an orc warrior and an orc priest.

Vanquished Creatures
  Prince Ribbit (D:5)
  The ghost of gorgonitescum the Gusty, an average VSAE of Ru (D:5)
  2 phantoms
  An ice beast (D:5)
  A centaur (D:5)
  An ogre (D:4)
  An orc warrior (D:6)
  A goliath beetle (D:6)
  3 crimson imps (D:5)
  2 hounds
  2 orc priests
  An iguana (D:5)
  A gnoll shaman (D:4)
  3 orc wizards
  A worker ant (D:4)
  Jessica (D:2)
  A big kobold skeleton (D:6)
  6 adders
  6 gnolls (D:4)
  A shadow imp (D:5)
  7 worms
  An ooze (D:5)
  13 orcs
  8 bats
  A giant cockroach (D:4)
  11 goblins
  8 hobgoblins
  4 jackals
  A ball python (D:4)
  5 giant geckos
  A giant newt (D:2)
  A hobgoblin skeleton (D:5)
  A hobgoblin zombie (D:5)
  14 kobolds
  A kobold skeleton (D:4)
  2 quokkas (D:3)
  4 rats
  A fungus (D:1)
121 creatures vanquished.

Vanquished Creatures (collateral kills)
  A scorpion (D:4)
  A crimson imp (D:5)
  A worker ant (D:5)
  An adder (D:4)
  An orc (D:6)
5 creatures vanquished.

Vanquished Creatures (others)
  A crimson imp (D:4)
  A shadow imp (D:5)
  4 white imps
6 creatures vanquished.

Grand Total: 132 creatures vanquished

Notes
Turn   | Place    | Note
--------------------------------------------------------------
     0 | D:1      | wose, the High Elf Wizard, began the quest for the Orb.
     0 | D:1      | Reached XP level 1. HP: 11/11 MP: 5/5
   342 | D:1      | Reached skill level 4 in Spellcasting
   415 | D:1      | Reached XP level 2. HP: 17/17 MP: 4/8
   917 | D:1      | Reached XP level 3. HP: 14/21 MP: 5/11
   921 | D:1      | Learned a level 2 spell: Call Imp
   925 | D:1      | Learned a level 3 spell: Mephitic Cloud
   929 | D:1      | Learned a level 3 spell: Conjure Flame
  1481 | D:2      | Noticed Jessica
  1499 | D:2      | Killed Jessica
  1610 | D:2      | Reached XP level 4. HP: 23/27 MP: 8/15
  2465 | D:3      | Reached skill level 1 in Fire Magic
  2524 | D:3      | Reached skill level 5 in Spellcasting
  2761 | D:3      | Reached skill level 1 in Slings
  2764 | D:3      | Reached XP level 5. HP: 32/32 MP: 2/18
  2885 | D:3      | Reached skill level 1 in Summonings
  3150 | D:4      | Noticed a phantom
  3237 | D:4      | Killed a phantom
  3237 | D:4      | Reached skill level 1 in Short Blades
  3237 | D:4      | Reached XP level 6. HP: 21/37 MP: 1/20
  3360 | D:4      | Reached skill level 1 in Fighting
  3742 | D:4      | Noticed an ogre
  3762 | D:4      | Killed an ogre
  3762 | D:4      | Reached skill level 6 in Spellcasting
  3836 | D:4      | Learned a level 2 spell: Blink
  3882 | D:4      | Learned a level 3 spell: Regeneration
  3938 | D:4      | Found a snail-covered altar of Cheibriados.
  4516 | D:4      | Reached XP level 7. HP: 16/43 MP: 0/23
  4952 | D:4      | Reached skill level 1 in Charms
  4961 | D:5      | Entered Level 5 of the Dungeon
  5003 | D:5      | Noticed gorgonitescum's ghost (average VSAE)
  5008 | D:5      | Killed gorgonitescum's ghost
  5062 | D:5      | Reached skill level 7 in Spellcasting
  5178 | D:5      | Found a blossoming altar of Fedhas.
  5271 | D:5      | Reached skill level 5 in Conjurations
  5393 | D:5      | HP: 1/43 [centaur/arrow (12)]
  5404 | D:5      | Reached XP level 8. HP: 25/48 MP: 10/25
  5663 | D:5      | Reached skill level 1 in Bows
  5791 | D:5      | Learned a level 1 spell: Infusion
  5941 | D:5      | Noticed Prince Ribbit
  5971 | D:5      | Killed Prince Ribbit
  6169 | D:6      | Reached skill level 8 in Spellcasting
  6638 | D:6      | Found Praun's Antique Weapon Boutique.
  6676 | D:6      | Bought a glowing quarterstaff for 96 gold pieces
  6721 | D:6      | Found a staircase to the Ecumenical Temple.
  6785 | D:6      | Killed from afar by an orc priest

Action                   |  1- 3 |  4- 6 |  7- 9 || total
-------------------------+-------+-------+-------++-------
Melee: Unarmed           |    39 |       |       ||    39
       Dagger            |    39 |    48 |    65 ||   152
       Quarterstaff      |       |       |     7 ||     7
       Short sword       |       |       |     4 ||     4
 Fire: Hunting sling     |       |    30 |    16 ||    46
       Shortbow          |       |       |    14 ||    14
Throw: Stone             |       |     7 |       ||     7
 Cast: Magic Dart        |    69 |   126 |   152 ||   347
       Conjure Flame     |     6 |    11 |     7 ||    24
       Mephitic Cloud    |       |     5 |       ||     5
       Call Imp          |       |     9 |    15 ||    24
       Regeneration      |       |     1 |     4 ||     5
Evoke: Wand              |       |     2 |     4 ||     6
  Use: Potion            |     1 |     3 |     1 ||     5
       Scroll            |       |     8 |     7 ||    15
  Eat: Chunk             |     3 |     6 |     1 ||    10
       Meat ration       |       |     1 |     1 ||     2
       Beef jerky        |       |     1 |       ||     1
